 Dungeon Crawl Stone Soup version 0.19.1-1-g22dce08 (webtiles) character file.

26306 galech the Prestidigitator (level 12, -1/116 HPs)
             Began as a Deep Dwarf Fighter on Dec 29, 2016.
             Was the Champion of Makhleb.
             Killed from afar by a ynoxinul (25 damage)
             ... with an iron shot
             ... summoned by an orc high priest
             ... on level 2 of the Orcish Mines.
             The game lasted 00:36:59 (8894 turns).

galech the Prestidigitator (Deep Dwarf Fighter)     Turns: 8894, Time: 00:37:00

Health: -1/116     AC: 13    Str: 24    XL:     12   Next: 97%
Magic:  16/16      EV: 11    Int:  8    God:    Makhleb [******]
Gold:   1039       SH: 14    Dex: 14    Spells: 0 memorised, 11 levels left

rFire  . . .     SeeInvis .     M - +3 war axe (distort)
rCold  . . .     Gourm    .     V - +1 scale mail {MR+}
rNeg   . . .     Faith    .     c - +0 shield
rPois  +         Spirit   .     (no helmet)
rElec  .         Reflect  +     O - +0 cloak {+Inv}
rCorr  .         Harm     .     x - +0 pair of gloves
MR     ++...     Rnd*Rage +     (no boots)
Stlth  ..........               P - +4 amulet of reflection
                                K - ring of poison resistance
                                q - +3 ring of evasion

@: about to teleport, non-regenerating
A: damage resistance, recharge devices, agile 1, berserk 1, dopey 1, sense
surroundings 2, slow regeneration 3, subdued magic 1
a: Device Recharging, Minor Destruction, Lesser Servant of Makhleb, Major
Destruction, Greater Servant of Makhleb, Renounce Religion, Evoke Invisibility


You were on level 2 of the Orcish Mines.
You worshipped Makhleb.
Makhleb was exalted by your worship.
You were not hungry.

You visited 3 branches of the dungeon, and saw 14 of its levels.

You collected 1539 gold pieces.
You spent 500 gold pieces at shops.

Inventory:

Hand Weapons
 a - a +0 war axe
 M - a +3 war axe of distortion (weapon)
Armour
 b - the +3 ring mail "Huw Ydeg" {rElec Str+6}
   (You found it on level 8 of the Dungeon)

   It affects your strength (+6).
   It insulates you from electricity.
 c - a +0 shield (worn)
 x - a +0 pair of gloves (worn)
 N - a +1 scale mail of cold resistance
 O - a +0 cloak of invisibility (worn)
 V - a +1 scale mail of magic resistance (worn)
Jewellery
 i - an uncursed amulet of the gourmand
 o - an uncursed amulet of rage
 q - a +3 ring of evasion (left hand)
 K - a ring of poison resistance (right hand)
 P - a +4 amulet of reflection (around neck)
 S - an uncursed ring of fire
 W - an uncursed ring of positive energy
Wands
 e - a wand of heal wounds (4/9)
 H - a wand of lightning (8/15)
Scrolls
 g - 4 scrolls of teleportation
 h - a scroll of fear
 k - a scroll of fog
 l - 6 scrolls of remove curse
 t - 3 scrolls of magic mapping
 y - a scroll of summoning {unknown}
 C - 3 scrolls of blinking {unknown}
 D - 3 scrolls of enchant armour {unknown}
 I - 2 scrolls of amnesia {unknown}
 Y - 2 scrolls of random uselessness
Potions
 d - 2 potions of might
 j - 3 potions of brilliance {unknown}
 n - 6 potions of curing {unknown}
 p - 3 potions of resistance
 r - 3 potions of haste {unknown}
 s - 4 potions of heal wounds {unknown}
 u - a potion of cure mutation {unknown}
 z - a potion of flight {unknown}
 E - a potion of invisibility {unknown}
 F - 2 potions of degeneration {unknown}
 G - 2 potions of lignification {unknown}
 Q - 2 potions of magic {unknown}
 Z - a potion of beneficial mutation {unknown}
Comestibles
 f - 7 bread rations
 v - a beef jerky
 w - 5 meat rations
 A - 10 chunks of flesh
 J - 2 slices of pizza
 R - 4 fruits
 T - 15 royal jellies


   Skills:
 + Level 10.3 Fighting
 + Level 11.5 Axes
 + Level 11.9 Armour
 - Level 4.1 Shields
 + Level 13.2 Evocations


You had 11 spell levels left.
You didn't know any spells.

Dungeon Overview and Level Annotations

Branches:
Dungeon (11/15)            Temple (1/1) D:4            Lair (0/6) D:8
    Orc (2/2) D:11            Elf (0/3) Orc:2

Altars:
Ashenzari
Cheibriados
Dithmenos
Elyvilon
Fedhas
Gozag
Hepliaklqana
Kikubaaqudgha
Makhleb
Nemelex Xobeh
Okawaru
Qazlal
Ru
Sif Muna
Trog
Uskayaw
Vehumet
Xom
Yredelemnul
Zin
The Shining One
Beogh

Shops:
D:6 %   D:7 *   Orc:2 !!


Innate Abilities, Weirdness & Mutations

You are resistant to damage.
You can recharge devices by infusing magical energy.
You passively map the area around you.
You do not regenerate.
You are agile. (Dex +2)
You tend to lose your temper in combat.
You are dopey. (Int -2)
Your spells are a little easier to cast, but a little less powerful.


Message History

The orc high priest calls upon Beogh to heal the orc high priest.
The orc high priest is healed somewhat.
You block the sixfirhy's attack. x2
The ynoxinul gestures.
The orc high priest hits you with a trident.
Charge which item? (? for menu, Esc to quit)
Your wand of heal wounds (0/9) glows for a moment and now has 4 charges.
You block the sixfirhy's attack.
The sixfirhy hits you but does no damage.
The sixfirhy misses you. You block the sixfirhy's attack. x2
The sixfirhy hits you. The sixfirhy shocks you!
* * * LOW HITPOINT WARNING * * *
You block the soul eater's attack. The orc high priest barely misses you.
The sixfirhy hits you but does no damage.
The sixfirhy hits you.
* * * LOW HITPOINT WARNING * * *
The sixfirhy shocks you!
* * * LOW HITPOINT WARNING * * *
The ynoxinul gestures at you. The iron shot hits you!
You die...

#...[#...##
#o55####........
...#.[).##, * ,,
#.#.####..#.#.#
.#.....## , ∩
,,....# #...####
...#..## , *.....
##.## .#.[...## *
5...#* ###
...#....## ,* ,
#5#.# #....#...## ,
,*#o54#*
##......).##, ##o3o#
###..###(..## ##@3o#
####..###...###333##
.####..###...#.55##
..####..###.#.#.##
.##.###..###...##
..#..###..###)## ###
.....####..####
###.##
.....#.###..####
##....#
......#.##...#.##
#....##


You could see an orc knight, a soul eater, 3 orc high priests, a rust devil, 2
sixfirhies, a neqoxec, a ynoxinul, a crimson imp and 4 ufetubi.

Vanquished Creatures
  A sun demon (Orc:2)
  A soul eater (Orc:2)
  A sixfirhy (Orc:2)
  An unseen horror (D:9)
  Pikel (D:4)
  An orc sorcerer (Orc:2)
  A queen bee (D:10)
  5 trolls
  2 hippogriffs
  A wraith (D:6)
  Edmund (D:5)
  Menkaure (D:5)
  27 orc warriors
  Duvessa (D:5)
  2 porcupines (D:8)
  3 ice beasts
  A hornet zombie (D:10)
  2 sky beasts
  2 phantoms
  3 centaurs
  6 ogres
  A crocodile (D:11)
  Blork the orc (D:5)
  A big kobold (D:7)
  8 bullfrogs
  A wyvern zombie (D:7)
  A water moccasin zombie (D:11)
  Dowan (D:5)
  A scorpion (D:9)
  38 killer bees
  6 wights (D:6)
  2 centaur zombies
  10 orc wizards
  3 hounds
  26 orc priests
  2 bullfrog skeletons
  4 jellies
  Crazy Yiuf (D:5)
  4 iguanas
  Ijyb (D:3)
  2 hell rats (D:8)
  6 worker ants
  A hound zombie (D:6)
  2 worker ant zombies (D:5)
  10 adders
  4 gnolls (Orc:1)
  A river rat (D:8)
  A shadow imp (D:5)
  An ooze (D:1)
  2 worms (D:2)
  A dart slug (D:2)
  A leopard gecko (D:2)
  79 orcs
  6 bats
  A giant cockroach (D:4)
  4 goblins
  13 hobgoblins
  9 jackals
  5 quokkas
  4 frilled lizards
  13 kobolds
  5 rats
  A fungus (D:5)
348 creatures vanquished.

Vanquished Creatures (others)
  An orc knight (Orc:2)
  A queen bee (D:9)
  A troll (Orc:2)
  A warg (Orc:2)
  A water moccasin (D:7)
  4 orc warriors
  An ice beast (D:9)
  2 ogres
  2 centaurs (D:10)
  2 killer bees (D:9)
  A wight (D:6)
  A hound (D:9)
  A jelly (D:7)
  An iguana (D:7)
  A worker ant (D:9)
  4 orcs
  A jackal (D:9)
  A fungus (D:5)
27 creatures vanquished.

Grand Total: 375 creatures vanquished

Notes
Turn   | Place    | Note
-------+----------+-------------------------------------------
     0 | D:1      | galech the Deep Dwarf Fighter began the quest for the Orb.
     0 | D:1      | Reached XP level 1. HP: 20/20 MP: 1/1
   316 | D:1      | Reached XP level 2. HP: 18/27 MP: 2/2
   529 | D:1      | Reached skill level 1 in Evocations
   838 | D:2      | Reached XP level 3. HP: 27/34 MP: 3/3
  1625 | D:3      | Reached XP level 4. HP: 26/42 MP: 5/5
  1706 | D:3      | Found a white marble altar of Elyvilon.
  1807 | D:3      | Noticed Ijyb
  1816 | D:3      | Killed Ijyb
  1902 | D:3      | Reached skill level 2 in Evocations
  2303 | D:4      | Noticed a slave
  2304 | D:4      | Noticed a slave
  2306 | D:4      | Noticed Pikel
  2306 | D:4      | Noticed a slave
  2307 | D:4      | Noticed an ogre
  2308 | D:4      | Noticed a slave
  2331 | D:4      | Killed Pikel
  2331 | D:4      | Reached skill level 5 in Armour
  2331 | D:4      | Reached skill level 4 in Evocations
  2331 | D:4      | Reached XP level 5. HP: 42/51 MP: 5/8
  2331 | D:4      | Reached XP level 6. HP: 48/58 MP: 5/9
  2331 | D:4      | Reached XP level 7. HP: 55/66 MP: 5/10
  2487 | D:4      | Found a staircase to the Ecumenical Temple.
  2507 | Temple   | Entered the Ecumenical Temple
  2570 | Temple   | Became a worshipper of Makhleb the Destroyer
  2637 | D:5      | Entered Level 5 of the Dungeon
  2664 | D:5      | Noticed Menkaure
  2671 | D:5      | Killed Menkaure
  2671 | D:5      | Reached skill level 5 in Evocations
  2703 | D:5      | Reached skill level 5 in Axes
  2756 | D:5      | Noticed Blork the orc
  2861 | D:5      | Noticed Duvessa
  2878 | D:5      | Noticed Dowan
  2878 | D:5      | Killed Duvessa
  2878 | D:5      | Reached skill level 5 in Fighting
  2886 | D:5      | Reached XP level 8. HP: 50/74 MP: 12/12
  2901 | D:5      | Killed Dowan
  2977 | D:5      | Reached skill level 6 in Evocations
  3057 | D:5      | Killed Blork the orc
  3127 | D:5      | Noticed Edmund
  3136 | D:5      | Killed Edmund
  3251 | D:5      | Found a runed door.
  3255 | D:5      | Noticed Crazy Yiuf
  3257 | D:5      | Killed Crazy Yiuf
  3324 | D:6      | Found Daibakle's Food Boutique.
  3347 | D:6      | Reached * piety under Makhleb
  3381 | D:6      | Found a bloodstained altar of Trog.
  3902 | D:6      | Reached skill level 7 in Evocations
  4016 | D:6      | Gained mutation: You passively map the area around you. [Deep Dwarf growth]
  4016 | D:6      | Reached XP level 9. HP: 70/82 MP: 13/13
  4124 | D:7      | Found a hide-covered altar of Uskayaw.
  4124 | D:7      | Found a radiant altar of Vehumet.
  4126 | D:7      | Found a bloodstained altar of Trog.
  4500 | D:7      | Found Ruxoetaf's Assorted Antiques.
  4585 | D:7      | Reached ** piety under Makhleb
  4618 | D:7      | Reached skill level 8 in Evocations
  4989 | D:8      | Found a staircase to the Lair.
  5086 | D:8      | Got a twisted ring mail
  5097 | D:8      | Identified the +3 ring mail "Huw Ydeg" {rElec Str+6} (You found it on level 8 of the Dungeon)
  5181 | D:8      | Found an opulent altar of Gozag.
  5391 | D:8      | Reached skill level 9 in Evocations
  5628 | D:9      | Found a glowing silver altar of Zin.
  5687 | D:9      | Reached XP level 10. HP: 89/94 MP: 15/15
  5749 | D:9      | Found a basalt altar of Yredelemnul.
  5749 | D:9      | Found a snail-covered altar of Cheibriados.
  5804 | D:9      | Reached *** piety under Makhleb
  5861 | D:9      | Found a roughly hewn altar of Beogh.
  5935 | D:9      | Killed an unseen horror
  6074 | D:9      | Reached skill level 10 in Evocations
  6109 | D:9      | Reached **** piety under Makhleb
  6377 | D:9      | Found a hazy altar of Hepliaklqana.
  6491 | D:10     | Entered Level 10 of the Dungeon
  6790 | D:10     | Reached XP level 11. HP: 89/104 MP: 18/18
  6967 | D:10     | Reached skill level 10 in Armour
  7322 | D:11     | Reached ***** piety under Makhleb
  7337 | D:11     | Found a staircase to the Orcish Mines.
  7369 | Orc:1    | Entered Level 1 of the Orcish Mines
  7372 | Orc:1    | Noticed an orc warlord
  7444 | Orc:1    | Reached skill level 11 in Evocations
  7833 | Orc:1    | Noticed an orc knight
  7955 | Orc:2    | Entered Level 2 of the Orcish Mines
  8108 | Orc:2    | Found a staircase to the Elven Halls.
  8291 | Orc:2    | Found a roughly hewn altar of Beogh.
  8300 | Orc:2    | Reached skill level 10 in Axes
  8445 | Orc:2    | Noticed a soul eater
  8447 | Orc:2    | Noticed an orc knight
  8453 | Orc:2    | Found Ybrygi's Distillery.
  8478 | Orc:2    | Noticed a sun demon
  8479 | Orc:2    | Banished an orc knight
  8502 | Orc:2    | Found Peivepi's Distillery.
  8548 | Orc:2    | Gained mutation: Your spells are a little easier to cast, but a little less powerful. [a neqoxec]
  8553 | Orc:2    | Gained mutation: You are dopey. (Int -2) [a neqoxec]
  8554 | Orc:2    | Gained mutation: You are agile. (Dex +2) [a neqoxec]
  8585 | Orc:2    | Bought a potion of experience for 500 gold pieces
  8601 | Orc:2    | Killed a sun demon
  8603 | Orc:2    | Reached skill level 10 in Fighting
  8603 | Orc:2    | Reached skill level 12 in Evocations
  8603 | Orc:2    | Reached XP level 12. HP: 93/116 MP: 18/20
  8625 | Orc:2    | Noticed an orc high priest
  8639 | Orc:2    | Noticed an orc high priest
  8724 | Orc:1    | Noticed an orc high priest
  8746 | Orc:2    | Reached skill level 13 in Evocations
  8800 | Orc:2    | Reached ****** piety under Makhleb
  8876 | Orc:2    | Noticed an orc high priest
  8881 | Orc:2    | Gained mutation: You tend to lose your temper in combat. [a neqoxec]
  8894 | Orc:2    | Killed from afar by a ynoxinul

Skill      XL: |  1  2  3  4  5  6  7  8  9 10 11 12 |
---------------+-------------------------------------+-----
Fighting       | 3 4 5 6 7 8 10 | 10.3
Evocations     | 1 4 5 7 9 10 12 13 | 13.2
Axes           | 4 5 6 8 9 11 | 11.5
Shields        | 4 |  4.1
Armour         | 5 7 8 9 11 | 11.9

Action                   |  1- 3 |  4- 6 |  7- 9 | 10-12 || total
-------------------------+-------+-------+-------+-------++-------
Melee: War axe           |   137 |    71 |   340 |   632 ||  1180
 Abil: Device Recharging |       |       |     1 |     4 ||     5
Evoke: Wand              |     1 |     1 |    10 |    28 ||    40
  Use: Scroll            |       |     2 |     4 |    11 ||    17
       Potion            |       |       |       |     1 ||     1
  Eat: Chunk             |    16 |     2 |    12 |     3 ||    33
Armor: Scale mail        |    65 |    20 |   114 |   168 ||   367
       Ring mail         |       |       |    15 |    43 ||    58
Dodge: Dodged            |    42 |    31 |   137 |   224 ||   434
Block: Shield            |    68 |    40 |   173 |   538 ||   819
       Reflection        |       |       |       |    30 ||    30
